Map: Cactus Valley LE (Void)

Players

Blue - Winner!

  • Race: Zerg Zerg

Puppytherapy

  • Race: Protoss Protoss

VOD

Have the link to the VOD?

Description

Time

  • Played on: May 3, 2015, 4:02 p.m.
  • Length: 11:51
Show
View Real Time Build Order
Export as new Build Order

Blue Zerg - Winner!

Build Orders: Pool First, Lurkers 

Get SALT Encoding   

  12  0:01  Drone  
  13  0:13  Overlord  
  13  0:18  Drone  
  14  0:31  Drone x2  
  16  0:36  Drone  
  17  0:45  Spawning Pool  
  17  0:49  Drone  
  18  0:57  Drone  
  18  1:13  Hatchery  
  18  1:16  Drone  
  18  1:22  Extractor  
  18  1:23  Drone  
  18  1:31  Drone  
  19  1:33  Queen  
  19  1:39  Overlord  
  21  1:50  Zergling x2  
  22  2:01  Drone  
  23  2:08  Queen  
  23  2:14  Zergling x2  
  26  2:23  Overlord  
  26  2:25  Metabolic Boost  
  26  2:36  Drone x2  
  28  2:40  Drone  
  29  2:44  Hatchery  
  29  2:49  Queen  
  30  2:52  Drone  
  30  2:56  Drone  
  31  3:11  Drone x4  
  31  3:12  Drone x2  
  36  3:18  Overlord  
  36  3:19  Drone  
  37  3:20  Drone  
  37  3:22  Drone  
  39  3:29  Overlord  
  39  3:31  Overlord  
  39  3:40  Extractor  
  38  3:48  Overlord  
  38  3:51  Zergling x2  
  38  3:52  Zergling x14  
  38  3:55  Overlord  
  46  3:57  Drone  
  47  4:14  Zergling x6  
  47  4:15  Zergling x8  
  53  4:20  Zergling x4  
  51  4:29  Zergling x16  
  58  4:38  Drone x2  
  59  4:48  Drone  
  59  4:49  Drone x2  
  59  4:50  Drone  
  59  4:52  Lair  
  63  4:58  Drone  
  63  4:59  Drone  
  64  5:02  Drone  
  64  5:04  Roach Warren  
  64  5:06  Drone  
  65  5:15  Evolution Chamber  
  65  5:17  Drone x3, Extractor  
  65  5:18  Drone  
  67  5:23  Drone x4  
  70  5:30  Drone x3  
  70  5:32  Spore Crawler  
  70  5:35  Spore Crawler  
  71  5:36  Spore Crawler  
  71  5:40  Drone x6  
  76  5:43  Overlord  
  76  5:50  Overseer  
  76  5:52  Drone x2  
  76  5:53  Drone x3  
  79  5:59  Overseer  
  68  6:12  Drone x13  
  80  6:22  Spore Crawler  
  80  6:24  Spine Crawler  
  78  6:26  Spine Crawler  
  78  6:27  Spine Crawler  
  76  6:33  Drone x5  
  81  6:41  Extractor  
  81  6:44  Zerg Missile Weapons Level 1  
  77  6:50  Drone x5  
  81  6:56  Overlord x2  
  67  7:18  Queen  
  69  7:23  Extractor  
  69  7:25  Glial Reconstitution  
  69  7:28  Roach x2  
  69  7:29  Roach x9  
  89  7:39  Roach  
  89  7:40  Roach  
  84  7:50  Drone x11  
  93  7:52  Queen  
  91  8:01  Queen  
  93  8:06  Hydralisk Den  
  93  8:10  Overlord x3  
  92  8:14  Extractor  
  91  8:21  Spine Crawler, Overseer  
  91  8:26  Drone x3  
  93  8:28  Hatchery  
  92  8:36  Lurker Den  
  92  8:48  Zerg Missile Weapons Level 2  
  92  8:52  Overlord x3  
  92  8:54  Hydralisk x2  
  92  8:55  Hydralisk x9  
  110  9:00  Overseer  
  114  9:06  Pneumatized Carapace  
  114  9:25  Roach  
  114  9:26  Roach x12  
  140  9:41  Hydralisk x6  
  152  9:52  Overlord x2  
  152  10:08  Lurker x8  
  152  10:10  Lurker  
  152  10:12  Lurker  
  152  10:13  Spine Crawler  
  161  10:14  Spine Crawler  
  161  10:15  Zergling x2  
  161  10:17  Spine Crawler  
  160  10:34  Hydralisk x7  
  174  10:44  Overseer  
  172  10:59  Roach x6  
  182  11:26  Roach  
  182  11:29  Overlord x2  
Show
View Real Time Build Order
Export as new Build Order

Puppytherapy Protoss 

Build Orders:  

Get SALT Encoding   

  12  0:01  Probe  
  14  0:17  Probe, Pylon  
  14  0:35  Probe (Chrono Boost)  
  14  0:36  Gateway  
  15  0:46  Probe (Chrono Boost)  
  15  0:49  Assimilator  
  16  0:52  Probe (Chrono Boost)  
  17  1:05  Probe (Chrono Boost)  
  17  1:08  Assimilator  
  18  1:14  Probe (Chrono Boost)  
  19  1:18  Pylon  
  19  1:22  Probe  
  19  1:24  Cybernetics Core  
  20  1:34  Zealot  
  20  1:36  Probe (Chrono Boost)  
  23  1:46  Probe (Chrono Boost)  
  24  1:53  Probe  
  25  2:00  Warp Gate (Chrono Boost)  
  25  2:12  Nexus  
  25  2:20  Mothership Core  
  27  2:28  Pylon  
  27  2:32  Sentry  
  29  2:43  Pylon  
  29  2:52  Gateway  
  29  2:55  Gateway  
  29  3:19  Twilight Council, Probe  
  30  3:31  Probe (Chrono Boost)  
  30  3:32  Probe (Chrono Boost)  
  34  3:41  Probe x2 (Chrono Boost)  
  35  3:48  Probe  
  35  3:49  Probe  
  35  3:52  Pylon  
  35  3:54  Gateway  
  36  4:01  Probe x2 (Chrono Boost), Dark Shrine  
  39  4:10  Zealot x2  
  39  4:14  Zealot  
  35  4:38  Probe (Chrono Boost)  
  37  4:40  Probe (Chrono Boost)  
  35  4:48  Pylon  
  35  4:49  Probe x2 (Chrono Boost)  
  35  4:51  Sentry x2  
  35  4:52  Sentry x2  
  45  4:56  Probe x2 (Chrono Boost), Assimilator  
  47  5:01  Assimilator  
  48  5:07  Probe (Chrono Boost)  
  48  5:09  Forge  
  48  5:10  Forge  
  48  5:13  Probe (Chrono Boost)  
  49  5:16  Probe (Chrono Boost)  
  50  5:29  Dark Templar x2  
  54  5:36  Dark Templar  
  56  5:43  Probe x2  
  56  5:48  Protoss Ground Weapons Level 1 (Chrono Boost)  
  58  5:50  Pylon  
  58  5:55  Probe x2  
  60  5:59  Zealot  
  62  6:07  Probe x2  
  58  6:19  Probe x2  
  58  6:20  Protoss Ground Armor Level 1 (Chrono Boost)  
  58  6:22  Charge (Chrono Boost)  
  60  6:28  Dark Templar  
  60  6:31  Probe  
  60  6:32  Probe, Pylon  
  64  6:34  Pylon  
  64  6:36  Zealot x3  
  70  6:43  Probe  
  70  7:02  Gateway x2  
  70  7:04  Gateway  
  70  7:06  Gateway  
  66  7:11  Nexus  
  66  7:13  Pylon  
  65  7:16  Dark Templar x3  
  71  7:51  Probe x2  
  73  7:56  Protoss Ground Weapons Level 2 (Chrono Boost)  
  67  8:01  Protoss Ground Armor Level 2 (Chrono Boost)  
  67  8:07  Photon Cannon  
  67  8:09  Zealot x2  
  67  8:10  Zealot x6  
  67  8:11  Photon Cannon  
  83  8:32  Dark Templar, Nexus  
  83  8:52  Templar Archives  
  81  9:01  Zealot x6  
  81  9:02  Zealot  
  95  9:06  Dark Templar  
  97  9:13  Probe x3  
  100  9:19  Pylon  
  100  9:25  Probe  
  100  9:27  Pylon  
  91  9:34  High Templar x4  
  91  9:36  High Templar x2  
  98  9:38  Assimilator  
  98  9:39  Archon x2  
  98  9:40  Archon  
  98  9:42  Zealot x2  
  98  9:43  Assimilator  
  102  10:00  Probe (Chrono Boost)  
  102  10:03  Probe (Chrono Boost)  
  102  10:04  Probe x2 (Chrono Boost)  
  106  10:12  Probe (Chrono Boost)  
  108  10:14  Photon Cannon  
  108  10:15  Probe (Chrono Boost)  
  108  10:18  High Templar  
  108  10:19  High Templar  
  108  10:20  Zealot x3  
  118  10:30  Gateway  
  118  10:31  Gateway  
  118  10:32  Gateway  
  118  10:35  Gateway  
  118  10:36  Gateway  
  118  10:39  Pylon  
  118  10:40  Pylon  
  118  10:42  Pylon  
  118  10:43  Pylon, Assimilator  
  118  10:48  Assimilator  
  112  10:57  Zealot x2  
  112  10:58  Zealot x3  
  112  11:04  Robotics Facility  
  114  11:14  Zealot x2  
  114  11:15  Zealot  
  120  11:19  Probe x2  
  120  11:23  Pylon  
  118  11:27  Dark Templar x3  
  122  11:33  High Templar  
Tags
 
Add a new tag
Caveats
  • Supply blocks, unpowered buildings, or Contaminate may cause inaccurate times.
  • Supply counts are checked every 10 seconds.